Cogmind - Beta 16 @@@ ROGUE MODE // 2025.11.22 @ 16:49:44 Player: Sanae Result: Destroyed by H-55 Commando with Assault Rifle Performance ------------- Evolutions (2) 1000 Regions Visited (4) 800 Robots Destroyed (6) 30 Value Destroyed (364) 364 Prototype IDs (1) 20 Alien Tech Used (0) 0 Bonus (200) 200 TOTAL SCORE: 2414 Bonus ------- Pacifist 200 Cogmind --------- Core Integrity 0/550 Matter 300/300 Energy 98/100 System Corruption 0% Temperature Cool (0) Movement Core (50) Location -8/Materials Parts ------- > --- POWER (1) -------- (None) > --- PROPULSION (4) --- (None) > --- UTILITY (3) ------ (None) > --- WEAPON (3) ------- (None) > --- INVENTORY (5) ---- Light Deuterium Engine Particle Cannon Peak State ------------ > --- POWER ------------ Light Deuterium Engine > --- PROPULSION ------- Aluminum Leg Aluminum Leg Aluminum Leg Aluminum Leg > --- UTILITY ---------- Small Storage Unit High-capacity Battery > --- WEAPON ----------- Heavy EM Shotgun Particle Cannon Heavy Particle Cannon > --- INVENTORY -------- Light Deuterium Engine Light Deuterium Engine Aluminum Leg Particle Cannon Particle Cannon [Rating: 19] Favorites ----------- Power Ion Engine Engine Ion Engine Propulsion Aluminum Leg Leg Aluminum Leg Utility Small Storage Unit Storage Small Storage Unit Processor Transport Network Coupler Protection Light Armor Plating Weapon EM Pulse Gun Energy Gun EM Pulse Gun Energy Cannon Particle Cannon Ballistic Gun Assault Rifle Build | -11 -10 -10 -9 -8 ------- Run | Yrd Mat Min Mat Mat Slots Evolved 4 | . . . 2 2 Power . | . . . . . Propulsion 2 | . . . 1 1 Utility 1 | . . . 1 . Weapon 1 | . . . . 1 Parts Attached 24 | 6 1 3 4 10 Power 3 | 1 . . . 2 Engine 3 | 1 . . . 2 Core . | . . . . . Reactor . | . . . . . Propulsion 7 | 2 . . 1 4 Treads . | . . . . . Leg 7 | 2 . . 1 4 Wheel . | . . . . . Hover . | . . . . . Flight . | . . . . . Utility 5 | 1 1 1 2 . Device . | . . . . . Storage 3 | 1 . . 2 . Processor 1 | . 1 . . . Hackware . | . . . . . Protection 1 | . . 1 . . Artifact . | . . . . . Weapon 9 | 2 . 2 1 4 Energy Gun 3 | 1 . 1 . 1 Energy Cannon 4 | . . . 1 3 Ballistic Gun 2 | 1 . 1 . . Ballistic Cannon . | . . . . . Launcher . | . . . . . Special Weapon . | . . . . . Impact Weapon . | . . . . . Slashing Weapon . | . . . . . Piercing Weapon . | . . . . . Special Melee Weapon . | . . . . . Unidentified Prototypes 1 | . . . . 1 Parts Lost 16 | . . . . 16 Power 2 | . . . . 2 Propulsion 7 | . . . . 7 Utility 3 | . . . . 3 Weapon 4 | . . . . 4 Highest Loss Streak 15 | . . . . 15 To Critical Strikes . | . . . . . Average Backups 5 | 2 4 7 6 4 Power 1 | . 1 1 2 1 Propulsion 2 | 1 2 3 2 1 Utility . | . . 1 . . Weapon 1 | . 1 1 1 1 Tool/Special . | . . . . . Unused Backups 6 | . . 3 2 1 Power 3 | . . 2 . 1 Propulsion 2 | . . 1 1 . Utility . | . . . . . Weapon 1 | . . . 1 . Tool/Special . | . . . . . Average Slot Usage (%) 91 | . 89 99 97 73 Engine 11 | . 14 14 11 7 Leg 28 | . 28 28 31 26 Storage 16 | . 14 14 21 14 Processor 4 | . 4 11 . . Protection 5 | . . 2 11 5 Energy Gun 7 | . 14 13 4 . Energy Cannon 5 | . . . 6 13 Ballistic Gun 11 | . 14 14 11 5 Peak Build Rating 19 | 6 7 10 12 19 Average Rating 9 | 5 6 7 11 12 On Entrance 7 | . 6 7 10 12 Avg Prop Armor Cover (%) . | . . . . . Naked Turns 40 | . . . . 40 Heaviest Build 98 | 14 14 19 98 30 Greatest Support 40 | 20 20 20 30 40 Greatest Overweight (x) 4 | . . . 3 4 Average Overweight (x) . | . . . . . Largest Inventory Capacity 25 | 8 8 8 25 8 Average Capacity 8 | 7 8 8 10 7 Most Carried 8 | 4 5 8 8 8 Average Carried 5 | 3 4 7 6 4 Final Capacity 8 | 8 8 8 8 5 Final Carried 8 | 4 5 8 7 2 Class Distribution -------------------- 88% | Mutant 11% | Scavenger-Tank Dominant Class ---------------- Mutant | -10/Materials Mutant | -10/Mines Mutant | -9/Materials Scavenger-Tank | -8/Materials Resources | -11 -10 -10 -9 -8 ----------- Run | Yrd Mat Min Mat Mat Matter Collected 449 | 212 61 30 92 54 Remotely . | . . . . . Salvage Created 274 | . . . 176 98 Parts 10 | . . . 9 1 Haulers Intercepted . | . . . . . Recyclers Shooed . | . . . . . Parts Field Recycled . | . . . . . Retrieved Matter . | . . . . . Parts Self-Destructed . | . . . . . Prevented . | . . . . . Parts Restored . | . . . . . Kills | -11 -10 -10 -9 -8 ------- Run | Yrd Mat Min Mat Mat Combat Hostiles Destroyed 6 | . . . 4 2 Guns 2 | . . . 1 1 Cannons 4 | . . . 3 1 Classes Destroyed 2 | . . . 2 . Grunt 5 | . . . 3 2 Sentry 1 | . . . 1 . Best Kill Streak 2 | . . . 2 1 Combat Bots Only 2 | . . . 2 1 Max Kills in Single Turn 1 | . . . 1 1 Gunslinging . | . . . . . Exploded . | . . . . . Melee . | . . . . . Uniques/NPCs Destroyed . | . . . . . Combat | -11 -10 -10 -9 -8 -------- Run | Yrd Mat Min Mat Mat Hostile Shots Fired 186 | . 16 8 37 125 Missed 58 | . 10 3 11 34 Hits 128 | . 6 5 26 91 Projectile 128 | . 6 5 26 91 Critical Strikes 6 | . . . . 6 Damage Taken 2082 | . 74 61 355 1592 Core 633 | . 25 11 34 563 Absorbed by Shields . | . . . . . Core Remaining (%) 92 | 100 . 85 91 . Volleys Fired 28 | 2 . . 14 12 Largest 3 | 2 . . 2 3 Hottest 159 | 60 . . 91 159 Shots Fired 53 | 3 . . 28 22 Gun 23 | 3 . . 15 5 Cannon 30 | . . . 13 17 Launcher . | . . . . . Special . | . . . . . Kinetic 20 | 1 . . 14 5 Thermal 31 | . . . 14 17 Explosive . | . . . . . Electromagnetic 2 | 2 . . . . Robot Hit Streak 5 | 1 . . 5 2 Robot Miss Streak 3 | . . . 3 2 Penetration Max . | . . . . . Secondary Targets . | . . . . . Shots Hit Robots 25 | 1 . . 13 11 Core Hits 11 | 1 . . 6 4 Critical Kills . | . . . . . Critical Parts Destroyed . | . . . . . Critical Strikes . | . . . . . Melee Attacks . | . . . . . Impact . | . . . . . Slashing . | . . . . . Piercing . | . . . . . Sneak Attacks . | . . . . . Combat Hostiles . | . . . . . Follow-up Attacks . | . . . . . Damage Inflicted 479 | 12 . . 253 214 Guns 211 | 12 . . 150 49 Cannons 268 | . . . 103 165 Explosions . | . . . . . Melee . | . . . . . Ramming . | . . . . . Kinetic 199 | . . . 150 49 Thermal 268 | . . . 103 165 Explosive . | . . . . . Electromagnetic 12 | 12 . . . . Impact . | . . . . . Slashing . | . . . . . Piercing . | . . . . . Highest Corruption . | . . . . . Average Corruption . | . . . . . Corruption Purged . | . . . . . Corruption Blocked . | . . . . . Overload Shots . | . . . . . Overflow Damage . | . . . . . Projectiles . | . . . . . Explosions . | . . . . . Melee . | . . . . . Knockbacks . | . . . . . Impact . | . . . . . Kinetic . | . . . . . Secondary . | . . . . . Self-Inflicted Damage . | . . . . . Shots . | . . . . . Rammed . | . . . . . Targets Rammed . | . . . . . Kicked . | . . . . . Crushed . | . . . . . Highest Temperature 568 | . . 2 288 568 Average Temperature 204 | . . 2 111 315 Received Heat Transfer 793 | . 42 40 171 540 Effects 14 | . . . . 14 Shutdowns 3 | . . . . 3 Interference 5 | . . . . 5 Damage (minor) 1 | . . . . 1 Damage (major) 5 | . . . . 5 Siege Activations . | . . . . . Martial Activations . | . . . . . Shielding Activations . | . . . . . Robots Disrupted . | . . . . . Combat Hostiles . | . . . . . Robots Corrupted . | . . . . . Combat Hostiles . | . . . . . Parts Fried . | . . . . . Impact Corruptions . | . . . . . Robots Melted . | . . . . . Combat Hostiles . | . . . . . Parts Melted . | . . . . . Heat Transferred 481 | . . . 185 296 Parts Sabotaged . | . . . . . Parts Stolen . | . . . . . Parts Stripped . | . . . . . Power Chain Reactions . | . . . . . Alert | -11 -10 -10 -9 -8 ------- Run | Yrd Mat Min Mat Mat Maximum Alert Level 1 | . . . . 1 Low Security (%) 93 | 100 100 100 100 66 Level 1 6 | . . . . 33 Level 2 . | . . . . . Level 3 . | . . . . . Level 4 . | . . . . . Level 5 . | . . . . . High Security . | . . . . . Max Security . | . . . . . Peak Influence 220 | . 30 5 105 220 Initial 35 | . . 5 . 35 Average 35 | . 7 . 29 130 Influence Increases 519 | . 45 . 154 320 Destroy 0b10 Robot/C 120 | . . . 80 40 Destroy Leader 30 | . . . 20 10 Successful Hack 9 | . . . 9 . Disable Machine 15 | . . . . 15 Anti-Garrison Action 150 | . . . . 150 Lose Combat Pursuer 195 | . 45 . 45 105 Influence Decreases 414 | . 30 15 69 300 Entered New Map 60 | . . 10 . 50 Time Decay 194 | . 30 5 69 90 Lost Part 160 | . . . . 160 Squads Dispatched 5 | . 1 . 1 3 Investigation 1 | . . . 1 . Extermination . | . . . . . Reinforcement 2 | . 1 . . 1 Assault 2 | . . . . 2 Garrison . | . . . . . Intercept . | . . . . . Searches Triggered . | . . . . . Construction Impeded . | . . . . . Haulers Reinforced . | . . . . . Active Scanning Responses . | . . . . . Cargo Convoy Interrupts . | . . . . . Stealth | -11 -10 -10 -9 -8 --------- Run | Yrd Mat Min Mat Mat Distress Signals 2 | . . . . 2 Communications Jammed . | . . . . . Distress Signals . | . . . . . Times Spotted 47 | . 10 6 9 22 Peak Tracking Total 15 | . 5 2 8 15 Tactical Retreats 5 | . 2 . 2 1 Traps | -11 -10 -10 -9 -8 ------- Run | Yrd Mat Min Mat Mat Traps Triggered . | . . . . . Indirectly . | . . . . . Trap Hack Attempts . | . . . . . Triggered . | . . . . . Disarmed . | . . . . . Reprogrammed . | . . . . . Reused . | . . . . . Traps Extracted . | . . . . . Installed . | . . . . . Triggered . | . . . . . Machines | -11 -10 -10 -9 -8 ---------- Run | Yrd Mat Min Mat Mat Machines Disabled 2 | . . . . 2 Max in Single Turn 1 | . . . . 1 Garrison Access 1 | . . . . 1 Machines Repaired . | . . . . . Machines Dismantled . | . . . . . Machines Sabotaged . | . . . . . Overloaded Fab Kills . | . . . . . Hacking | -11 -10 -10 -9 -8 --------- Run | Yrd Mat Min Mat Mat Machines Accessed 2 | . . . 2 . Terminals 2 | . . . 2 . Fabricators . | . . . . . Repair Stations . | . . . . . Recycling Units . | . . . . . Scanalyzers . | . . . . . Garrison Access . | . . . . . Total Hacks 10 | . . . 10 . Successful 6 | . . . 6 . Failed 4 | . . . 4 . Catastrophic . | . . . . . Database Lockouts . | . . . . . Manual . | . . . . . Terminals 10 | . . . 10 . Fabricators . | . . . . . Repair Stations . | . . . . . Recycling Units . | . . . . . Scanalyzers . | . . . . . Garrison Access . | . . . . . Terminal Hacks 6 | . . . 6 . Record 1 | . . . 1 . Locate Traps 1 | . . . 1 . Maintenance Status 1 | . . . 1 . Patrol Status 1 | . . . 1 . Hauler Manifests 1 | . . . 1 . Zone Layout 1 | . . . 1 . Fabricator Hacks . | . . . . . Repair Station Hacks . | . . . . . Recycling Unit Hacks . | . . . . . Scanalyzer . | . . . . . Garrison Access Hacks . | . . . . . Unauthorized Hacks . | . . . . . Terminals . | . . . . . Fabricators . | . . . . . Repair Stations . | . . . . . Recycling Units . | . . . . . Scanalyzers . | . . . . . Garrison Access . | . . . . . Data Cores Recovered . | . . . . . Used . | . . . . . Hacking Detections 1 | . . . 1 . Full Trace Events 1 | . . . 1 . Feedback Events . | . . . . . Feedback Blocked . | . . . . . Robot Schematics Acquired . | . . . . . Robots Built . | . . . . . Authchips . | . . . . . Time . | . . . . . Total Robot Build Rating . | . . . . . Part Schematics Acquired . | . . . . . Parts Built . | . . . . . Authchips . | . . . . . Time . | . . . . . Total Part Build Rating . | . . . . . Part Studies Acquired . | . . . . . Parts Repaired . | . . . . . Time . | . . . . . Parts Recycled . | . . . . . Recycled Matter . | . . . . . Retrieved Matter . | . . . . . Retrieved Components . | . . . . . Parts Scanalyzed . | . . . . . Part Schematics Acquired . | . . . . . Parts Damaged . | . . . . . Bothacking | -11 -10 -10 -9 -8 ------------ Run | Yrd Mat Min Mat Mat Used RIF Installer . | . . . . . Robots Hacked . | . . . . . Non-combat . | . . . . . Combat . | . . . . . Robot Hacks Applied . | . . . . . Relay Couplers Released . | . . . . . Fabnet Peak Effective % . | . . . . . Robots Rewired . | . . . . . Allies Hacked . | . . . . . Hacks Repelled . | . . . . . Allies | -11 -10 -10 -9 -8 -------- Run | Yrd Mat Min Mat Mat Total Allies . | . . . . . Largest Group . | . . . . . Highest-Rated Group . | . . . . . Highest-Rated Ally . | . . . . . Total Orders . | . . . . . Ally Attacks . | . . . . . Total Damage . | . . . . . Kills . | . . . . . Allies Corrupted . | . . . . . Allies Melted . | . . . . . Intel | -11 -10 -10 -9 -8 ------- Run | Yrd Mat Min Mat Mat Active Infowar (turns) 256 | . 48 208 . . T.N.C. 256 | . 48 208 . . Robot Analysis Total . | . . . . . Derelict Logs Recovered 1 | . . 1 . . Drone Launches . | . . . . . Drone Recoveries . | . . . . . Exploration | -11 -10 -10 -9 -8 ------------- Run | Yrd Mat Min Mat Mat Turns Passed 982 | 117 147 249 271 198 Spaces Moved 711 | 84 121 196 156 154 Core 86 | 2 . . . 84 Treads . | . . . . . Legs 625 | 82 121 196 156 70 Wheels . | . . . . . Hover . | . . . . . Flight . | . . . . . Fastest Speed 50 | 50 120 120 120 50 Average Speed 116 | 118 120 120 137 85 Slowest Speed 330 | 120 120 120 330 250 Overloaded Moves . | . . . . . Propulsion Burnouts . | . . . . . Robots Hopped . | . . . . . Potential Cave-ins . | . . . . . Cave-ins Triggered . | . . . . . Exploration Rate (%) 23 | 5 28 45 22 15 Regions Visited 4 Branch Regions 1 Pre-discovered Areas 1 | . . 1 . . Known Exits Taken . | . . . . . Unknown Exits Taken 4 | 1 1 1 1 . Scrap Searched . | . . . . . Spaces Dug . | . . . . . Terrain Destroyed . | . . . . . Melee . | . . . . . Projectile . | . . . . . AOE . | . . . . . Terrain Rammed . | . . . . . Walls Destroyed . | . . . . . Machines Disabled . | . . . . . Actions | -11 -10 -10 -9 -8 --------- Run | Yrd Mat Min Mat Mat Total 815 | 95 122 211 185 202 Wait 25 | . . 1 4 20 Move 707 | 83 120 195 155 154 Hop . | . . . . . Pick Up 18 | 4 1 6 3 4 Fast Attach 13 | 6 1 3 3 . Attach 10 | . . . 2 8 Detach 1 | . . 1 . . Swap 3 | . . . . 3 Drop 10 | . . 5 4 1 Fire 28 | 2 . . 14 12 Melee . | . . . . . Ram . | . . . . . Kick . | . . . . . Crush . | . . . . . Escape Stasis . | . . . . . Rewire . | . . . . . Trap . | . . . . . Miscellaneous . | . . . . . Route ------- -11/Scrapyard -10/Materials -10/Mines -9/Materials -8/Materials History --------- Turn | Location | Event 24 | -11/Scrapyard | Discovered new exit (range 15) 118 | -11/Scrapyard | Entered Materials 208 | -10/Materials | Discovered new exit (range 16) 229 | -10/Materials | Met 8R-AWN 265 | -10/Materials | Entered Mines 267 | -10/Mines | Followed 8R-AWN into the Mines 270 | -10/Mines | Assembled infested the area 275 | -10/Mines | Assisted by a Guerilla fighting off Assembled 300 | -10/Mines | Learned location of Zion (-7) 316 | -10/Mines | Build established: Mutant 422 | -10/Mines | Received a Rocket Launcher from a helpful Derelict 429 | -10/Mines | Joined a pair of Derelicts in attacking an 0b10 outpost 497 | -10/Mines | Discovered new exit (range 15) 514 | -10/Mines | Entered Materials 514 | -9/Materials | Evolved 2 slots: Propulsion x1, Utility x1 767 | -9/Materials | Discovered new exit (range 16) 785 | -9/Materials | Entered another Materials area 785 | -8/Materials | Evolved 2 slots: Propulsion x1, Weapon x1 942 | -8/Materials | Core integrity fell below 50% 949 | -8/Materials | Core integrity fell below 20% 974 | -8/Materials | Lost 15 parts (2p6n3u4w) 983 | -8/Materials | Destroyed by H-55 Commando with Assault Rifle Last Messages --------------- Hvy. EM Shotgun destroyed. Lgt. Deuterium Engine destroyed. Penetrated by Slug. Particle Cannon destroyed. Aluminum Leg destroyed. Sml. Storage Unit destroyed. Critical hit (Blast). Hvy. Particle Cannon destroyed. Aluminum Leg destroyed. Critical hit (Burn: +37). Penetrated by Slug. Particle Cannon blasted off. Knocked back. Acquired 5 matter. Lgt. Deuterium Engine destroyed. Slug penetrates Wall. Penetrated by Slug. Hcp. Battery destroyed. W-25 Informer sends out distress signal. K-01 Serf collects debris. Map ----- +----------------------------------------------------+ | ?????????????????????????????????????????????????? | | ?????????????????????????????????????????????????? | | ?????????????????????????????????????????????????? | | ?????????????????????????????????????????????????? | | ?????????????????????????????????????????????##### | | ?????????????????????????????????????????????# # | | ?????????????????????????????????????????????# # | | ???????????????????????????????????????#####?# # | | ??????????????????????????????????????## T"### # | | ???????????????????????????????????#### # | | ???????????????????????????????????#"" %= # | | ???????????????????????????????????#"G # | | ???????????????????????????????????#"" T | | ???????????????????????????????????#### # | | ??????????????????????????????????????# "" " | | ???????????????????????????????######## "T % Y | | ???????????????????????????????# # "" ! " | | ???????????????????????????????#/= # # | | ???????????????????????????????#/ # # | | ???????????????????????????????# ! # %##### ## | | ???????????????????????????????# ]# #???# #? | | ????????????????????????????????? # #???# #? | | ???????????########################+### #???# #? | | ?????????? #???# #? | | ?????????? #???# #? | | ?????????? %@ * #???# #? | | ?????????????????######### #########+###### #? | | ?????????????????????????# w h#????# ## #? | | ?????????????????????????# #????# """## #? | | ?????????????????????????# #????# """## #? | | ?????????????????????????# k#????# """## #? | | ?????????????????????????# #????# ## #? | | ?????????????????????????# b #????# =! !## #? | | ?????????????????????????# #????# =! ## #? | | ?????????????????????????# g#????# !! ## #? | | ?????????????????????????# % #????# ## #? | | ?????????????????????????# % #????########### #? | | ?????????????????????????# % #??????????????# #? | | ?????????????????????????# #??????? #####?# #? | | ?????????????????????????# #?????# #?# #? | | ?????????????????????????# ] #?????# """ #?# #? | | ?????????????????????????# #?????# "R #?# #? | | ?????????????????????????# #?????# """ #?# #? | | ?????????????????????????# ##????? "" ### ## | | ?????????????????????????# "#??????? # | | ?????????????????????????# "##########+## | | ?????????????????????????+ | | ???????????????????????? # ############## | | ???????????????????????? # #????????????# | | ??????????????????????? ?# #????????????###### | +----------------------------------------------------+ Best States ------------- Heat Dissipation 31 Energy Generation 14 Energy Capacity 500 Matter Stores 300 Matter Capacity 300 Sight Range 16 Terrain Scan Density 10 Armor Coverage 150 Evasion (%) 55 Item Schematics ----------------- None Robot Schematics ------------------ None Fabricated ------------ Nothing Repaired ---------- Nothing Studied --------- None Alien Tech Used ----------------- None Achievements -------------- Follow The Leader Shopping List Well Done Challenges ------------ None Game ------ Seed RefineryRecyclingBuckler Manual? 0 Play Time 00:15:32 Cumulative 3.0 hours Start 2025.11.22 @ 16:33:30 End 2025.11.22 @ 16:49:44 Sessions 1 Manual Loads 0 Difficulty Rogue Special Mode None Game No. 4 Rogue 4 Adventurer 0 Explorer 0 Win Type - Total 0 Types 0/0/0/0/0/0/0/0/0/0 Lore% 3 Gallery% 6 Achievement% 6 Wizard Run 0 Options --------- Layout 1 ASCII 0 Keyboard 0 Movement Mouse Keybinds 0 Fullscreen 0 Font 36/Terminus Map View 50x35 Zoom Use 0% Tactical HUD 0 Map Filters NONE Filters NONE Steam 1 RUN: 4e6c3266-9cfb-4a84-a597-231521756de4